 Dungeon Crawl Stone Soup version 0.29.1-1-gd02db6906a (webtiles) character file.

Game seed: 4064806322593972088

1414 KamiKatze the Chopper (level 8, -2/66 HPs)
             Began as a Palentonga Berserker on Oct 2, 2022.
             Was a Believer of Trog.
             Slain by an orc
             ... wielding a +0 flail of protection
              (6 damage)
             ... on level 6 of the Dungeon.
             The game lasted 00:16:38 (4824 turns).

KamiKatze the Chopper (Palentonga Berserker)        Turns: 4824, Time: 00:16:38

Health: -2/66      AC: 21    Str: 25    XL:     8   Next: 43%
Magic:  8/8        EV:  9    Int:  8    God:    Trog [**....]
Gold:   285        SH:  0    Dex:  9    Spells: 7/7 levels left

rFire   . . .      SeeInvis +   a - +0 hand axe
rCold   . . .      Faith    .   (no shield)
rNeg    . . .      Spirit   .   s - +0 scale mail
rPois   .          Reflect  .   (no helmet)
rElec   .          Harm     .   g - +1 cloak
rCorr   .          Rampage  .   f - +0 pair of gloves
Will    ++...                   (no barding)
Stlth   ..........              (no amulet)
HPRegen 1.21/turn               k - +4 ring of protection
MPRegen 0.11/turn               t - ring of flight

@: strong-willed, on berserk cooldown, flying, regenerating, slowed, curled up,
very slow
A: large, rugged brown scales 3, see invisible, deformed body, roll 1, armoured
tail, reflexive curl
a: Rolling Charge, Renounce Religion, Berserk, Trog's Hand


You were on level 6 of the Dungeon.
You worshipped Trog.
Trog was pleased with you.
You visited 2 branches of the dungeon, and saw 7 of its levels.

You collected 384 gold pieces.
You spent 99 gold pieces at shops.

Inventory:

Hand Weapons
 a - a +0 hand axe (weapon)
 d - a +0 flail
 e - a +0 broad axe
 r - a +1 war axe
 w - a +0 battleaxe
Missiles
 o - 8 poisoned darts
Armour
 f - a +0 pair of gloves (worn)
 g - a +1 cloak (worn)
 s - a +0 scale mail (worn)
Jewellery
 k - a +4 ring of protection (left hand)
 t - a ring of flight (right hand)
 y - a +4 ring of protection
Wands
 q - a wand of flame (7)
 u - a wand of light (11)
Scrolls
 b - 2 scrolls of silence
 h - a scroll of teleportation
 i - 2 scrolls of blinking
 p - a scroll of fear
Potions
 c - a potion of attraction {unknown}
 j - a potion of ambrosia {unknown}
 l - 3 potions of curing
 m - a potion of brilliance {unknown}
 n - 6 potions of flight
 v - a potion of mutation {unknown}
 x - 2 potions of magic
 A - 2 potions of heal wounds


   Skills:
 + Level 5.3 Fighting
 * Level 7.0 Axes
 + Level 3.9 Armour
 + Level 3.9 Dodging
 + Level 2.5 Evocations


You had 7 spell levels left.
You didn't know any spells.
Your spell library was empty.

Dungeon Overview and Level Annotations

Branches:
Dungeon (6/15)             Temple (1/1) D:4

Altars:
Ashenzari
Cheibriados
Dithmenos
Elyvilon
Fedhas
Gozag
Hepliaklqana
Kikubaaqudgha
Makhleb
Nemelex Xobeh
Okawaru
Qazlal
Sif Muna
Uskayaw
Vehumet
Wu Jian
Xom
Yredelemnul
Zin

Shops:
D:4 !?(!   D:5 *==*

Annotations:
D:3 2 transporters, Acheron's ghost, amateur MfGl


Innate Abilities, Weirdness & Mutations

You are completely covered in rugged brown scales. (AC +3, +7% HP)
You have supernaturally acute eyesight. (SInv)
Armour fits poorly on your strangely shaped body.
You can roll at nearby foes to attack.
You have a long armoured tail.
You curl defensively after being hit. (AC +7*)


Message History

The black bear closely misses you.
The black bear claws you but does no damage.
You slash the black bear!
The black bear is almost dead.
You hit the orc.
The black bear bites you but does no damage.
The black bear claws you but does no damage.
The black bear closely misses you. The orc hits you but does no damage.
The black bear bites you!
* * * LOW HITPOINT WARNING * * *
The black bear barely misses you. The black bear misses you.
The orc hits you but does no damage.
You closely miss the black bear.
The black bear is almost dead.
You barely miss the orc. The black bear bites you.
* * * LOW HITPOINT WARNING * * *
The black bear claws you but does no damage. x2
The black bear bites you!
* * * LOW HITPOINT WARNING * * *
The black bear claws you but does no damage.
The black bear closely misses you. The orc barely misses you.
Your skin crawls.
You feel strong-willed.
The black bear bites you but does no damage.
The black bear claws you.
* * * LOW HITPOINT WARNING * * *
The black bear barely misses you.
The black bear bites you but does no damage.
The black bear closely misses you. The black bear barely misses you.
The orc hits you but does no damage. The black bear bites you.
* * * LOW HITPOINT WARNING * * *
The black bear claws you.
* * * LOW HITPOINT WARNING * * *
The black bear barely misses you. The orc hits you but does no damage.
You feel better. The black bear bites you.
* * * LOW HITPOINT WARNING * * *
The black bear barely misses you. The black bear claws you.
* * * LOW HITPOINT WARNING * * *
The orc hits you with a +0 flail of protection.
You die...

############
#..........#
#..........######
#..........#....#
#..........#....#
#.[..).....#....#
#..........#....#
#.....))...o....#
#./.....)..h@...##
#......>.........#
######.###.......#
#...#.#.....#
###.#.###.#...
#.#.# #..##..
#...# ##.# ### #
##...# .# #.
##....####.#


You could see a black bear (berserk) and an orc.

Vanquished Creatures
  Sigmund (D:3)
  Menkaure (D:4)
  Edmund (D:6)
  An ogre (D:5)
  2 phantoms (D:6)
  Blork the orc (D:4)
  A bullfrog (D:4)
  2 necrophages
  2 scorpions
  3 jellies
  A hound (D:5)
  Ijyb (D:4)
  An orc wizard (D:6)
  An iguana (D:5)
  7 gnolls
  8 adders
  An ufetubus (D:5)
  2 worms (D:2)
  2 dart slugs
  7 orcs
  2 ball pythons
  8 endoplasms
  4 giant cockroaches
  8 goblins
  5 hobgoblins
  2 jackals (D:1)
  2 quokkas
  4 bats
  2 frilled lizards (D:1)
  3 kobolds
  3 rats
89 creatures vanquished.

Vanquished Creatures (collateral kills)
  A quokka (D:4)
1 creature vanquished.

Vanquished Creatures (others)
  6 plants (D:3)
6 creatures vanquished.

Grand Total: 96 creatures vanquished

Notes
Turn   | Place    | Note
-------+----------+-------------------------------------------
     0 | D:1      | KamiKatze the Palentonga Berserker began the quest for the
                  | Orb.
     0 | D:1      | Reached XP level 1. HP: 19/19 MP: 1/1
   198 | D:1      | Reached XP level 2. HP: 8/25 MP: 2/2
  1166 | D:2      | Reached XP level 3. HP: 29/30 MP: 3/3
  1557 | D:2      | Reached XP level 4. HP: 34/37 MP: 4/4
  1812 | D:3      | Reached skill level 4 in Axes
  1897 | D:3      | Reached ** piety under Trog
  1977 | D:3      | Found a transporter.
  1978 | D:3      | Found a transporter.
  1986 | D:3      | Noticed Acheron's ghost (amateur MfGl)
  2193 | D:3      | Noticed a scorpion
  2200 | D:3      | Killed a scorpion
  2201 | D:3      | Reached XP level 5. HP: 44/44 MP: 5/5
  2327 | D:3      | HP: 3/66 [poisoned by a gnoll]
  2328 | D:3      | HP: 1/44 [poisoned by a gnoll]
  2451 | D:3      | Noticed Sigmund
  2458 | D:3      | Killed Sigmund
  2459 | D:3      | Reached skill level 5 in Axes
  2459 | D:3      | Reached XP level 6. HP: 46/51 MP: 6/6
  2808 | D:3      | Found a faded altar of an unknown god.
  2995 | D:4      | Found an ornate altar of the Wu Jian Council.
  3054 | D:4      | Noticed Blork the orc
  3071 | D:4      | Killed Blork the orc
  3072 | D:4      | Gained mutation: You curl defensively after being hit. (AC
                  | +7*) [Palentonga growth]
  3072 | D:4      | Reached XP level 7. HP: 58/58 MP: 7/7
  3122 | D:4      | Noticed Ijyb
  3128 | D:4      | Killed Ijyb
  3219 | D:4      | Noticed Menkaure
  3225 | D:4      | Killed Menkaure
  3226 | D:4      | Reached skill level 1 in Evocations
  3461 | D:4      | Found a staircase to the Ecumenical Temple.
  3469 | Temple   | Entered the Ecumenical Temple
  3596 | D:4      | Found Efoyfa's Magic Scroll Shoppe.
  3601 | D:4      | Found Pedeat's Distillery.
  3612 | D:4      | Found Tytamita's Weapon Shoppe.
  3613 | D:4      | Found Givaf's Distillery.
  3616 | D:4      | Bought a potion of degeneration for 12 gold pieces
  3629 | D:4      | Bought a potion of heal wounds for 60 gold pieces
  3791 | D:4      | Found a snail-covered altar of Cheibriados.
  3873 | D:5      | Entered Level 5 of the Dungeon
  3976 | D:5      | Found Koixan's Assorted Antiques.
  3985 | D:5      | Bought a scroll labelled LEYPHU XIM LIA for 27 gold pieces
  4000 | D:5      | Reached skill level 6 in Axes
  4083 | D:5      | Found Piopiow's Jewellery Emporium.
  4253 | D:5      | Found Fyhyqy's General Store.
  4282 | D:5      | Found a shadowy altar of Dithmenos.
  4306 | D:5      | Found Xuint's Jewellery Shoppe.
  4532 | D:6      | Reached skill level 5 in Fighting
  4532 | D:6      | Reached XP level 8. HP: 62/66 MP: 8/8
  4538 | D:6      | Noticed Edmund
  4553 | D:6      | Killed Edmund
  4812 | D:6      | Reached skill level 7 in Axes
  4824 | D:6      | Slain by an orc

Illustrated notes

Levels and vault maps discovered:
D:1:      sevenhm_arrival_forest_fort_large_4, layout_loops_corners
D:2:      layout_basic
D:3:      layout_basic, gammafunk_ghost_gnarly_gnolls,
          hellmonk_ecumenical_altar_lost_god,
          hangedman_abyss_or_decor_lesser_grid, uniq_sigmund
D:4:      layout_cave_pools, marbit_many_paths, mainiacjoe_overflow_catwalk,
          minmay_temple_entry_mist, serial_column_ruins,
          column_ruins_square_medium, column_ruins_courtyard_long_water,
          column_ruins_grid_1, column_ruins_columns_dead_end,
          column_ruins_open_tiny, column_ruins_grid_3, minmay_shop_grid_forest,
          uniq_blork_the_orc, uniq_menkaure, uniq_ijyb
D:5:      layout_basic, mainiacjoe_overflow_alcove_1, serial_shops, shop,
          shop_fountains, shop, shop
D:6:      layout_rooms, corexii_leaking_fountain, uniq_edmund
Temple:   kb_temple_of_zot

Skill      XL: |  1  2  3  4  5  6  7  8 |
---------------+-------------------------+-----
Armour         | 2 3 |  3.9
Dodging        | 2 3 |  3.9
Axes           | 4 5 6 7 |  7.0
Fighting       | 4 5 |  5.3
Evocations     | 1 2 |  2.5

Action                   |  1- 3 |  4- 6 |  7- 9 || total
-------------------------+-------+-------+-------++-------
Melee: Hand axe          |    79 |    97 |   116 ||   292
       Tailslap          |     7 |    17 |    15 ||    39
       Punch             |       |     1 |     2 ||     3
Invok: Berserk           |     3 |     4 |     4 ||    11
       Trog's Hand       |       |       |     2 ||     2
 Abil: Rolling Charge    |     1 |     3 |     7 ||    11
  Use: Scroll            |       |     1 |    12 ||    13
       Potion            |       |     1 |     1 ||     2
Armor: Animal skin       |    11 |       |       ||    11
       Leather armour    |    30 |    19 |       ||    49
       Scale mail        |       |    25 |   118 ||   143
Dodge: Dodged            |    43 |    43 |    95 ||   181
